 Dungeon Crawl Stone Soup version 0.22.1-2-g9c5b331383 (webtiles) character file.

32 Descartes the Sneak (level 3, -1/32 HPs)
             Began as a Naga Warper on Dec 26, 2018.
             Slain by a worm (2 damage)
             ... on level 2 of the Dungeon.
             The game lasted 00:11:06 (2268 turns).

Descartes the Sneak (Naga Warper)                   Turns: 2268, Time: 00:11:07

Health: -1/32      AC:  5    Str: 14    XL:     3   Next: 25%
Magic:  6/6        EV:  8    Int: 13    God:
Gold:   106        SH:  5    Dex: 10    Spells: 6/6 levels left

rFire    + . .     SeeInvis +   a - +0 spear
rCold    x . .     Gourm    .   y - +2 buckler
rNeg     . . .     Faith    .   p - +3 leather armour
rPois    +         Spirit   .   (no helmet)
rElec    .         Reflect  .   (no cloak)
rCorr    .         Harm     .   (no gloves)
MR       .....                  (no barding)
Stlth    +.........             (no amulet)
HPRegen  0.10/turn              v - ring of fire
MPRegen  0.10/turn              z - ring of attention (curse)

@: very slow
A: large, see invisible, deformed body, poison resistance, slowness 2, slow
metabolism 1, spit poison 1, AC +1
a: Spit Poison


You were on level 2 of the Dungeon.
You were not hungry.

You visited 1 branch of the dungeon, and saw 2 of its levels.

You collected 106 gold pieces.

Inventory:

Hand Weapons
 a - a +0 spear (weapon)
 b - a +0 hunting sling
Missiles
 e - 5 tomahawks of dispersal
 j - 57 sling bullets
 k - 10 poisoned needles (quivered)
 m - 46 stones
 n - 16 arrows
 o - 69 bolts
Armour
 p - a +3 leather armour (worn)
 r - a +1 ring mail of positive energy
 y - a +2 buckler (worn)
Jewellery
 v - a ring of fire (left hand)
 z - a cursed ring of attention (right hand)
Wands
 w - a wand of flame (34)
Scrolls
 d - a scroll of blinking
 s - a scroll of remove curse {unknown}
 u - 2 scrolls of fog
Potions
 c - a potion of might {unknown}
 g - a potion of lignification {unknown}
 i - a potion of curing {unknown}
 l - a potion of heal wounds {unknown}
 q - 4 potions of flight
 t - a potion of mutation {unknown}
 x - a potion of agility {unknown}
Comestibles
 f - 4 rations
 h - 2 chunks of flesh


   Skills:
 - Level 2.0 Fighting
 + Level 2.5 Polearms
 - Level 0.8 Throwing
 - Level 0.7 Armour
 - Level 1.5 Dodging
 + Level 3.6 Stealth
 * Level 0.0 Shields
 - Level 2.0 Spellcasting
   Level 3.0 Translocations


You had 6 spell levels left.
You didn't know any spells.
Your spell library contained the following spells:

 Spells                   Type           Power        Failure   Level  Hunger
 Blink                    Tloc           N/A          22%         2    ###....
 Shroud of Golubria       Chrm/Tloc      #.........   38%         2    ###....
 Gell's Gravitas          Tloc           #.........   41%         3    ####...
 Lesser Beckoning         Tloc           #.........   41%         3    ####...
 Teleport Other           Tloc           #.......     41%         3    ####...
 Passage of Golubria      Tloc           N/A          83%         4    #####..


Dungeon Overview and Level Annotations

Branches:
Dungeon (2/15)

Altars:


Innate Abilities, Weirdness & Mutations

You cannot wear boots.
Your serpentine skin is tough. (AC +1)
You have supernaturally acute eyesight. (SInv)
Armour fits poorly on your strangely shaped body.
Your system is resistant to poisons. (rPois)
You cover ground very slowly.
You have a slow metabolism.
You can spit poison.


Message History

You are too injured to fight recklessly!
You are too injured to fight recklessly!
A worm is nearby!
A worm is nearby!
A worm is nearby!
The worm bites you.
* * * LOW HITPOINT WARNING * * *
You hit the worm.
The worm is severely wounded.
The worm bites you!
* * * LOW HITPOINT WARNING * * *
You barely miss the worm.
The worm is severely wounded.
The worm barely misses you.
You hit the worm.
The worm is severely wounded.
You hit the worm.
The worm is severely wounded.
The worm bites you.
You die...

#### #..........# #.......#....#
...# #..........# #.......#....+
##.# #.)........# #...)...#....#
#.# #..........# #.......'....'
#.####......#######.......#....#
#.##.......)......#######.#....#
##'##..............#######.#....#
...................'.......#....#
...............w@..#########....#
..............(....# #....#
.............(.....# ######
............(......#
#####......(.......#
#..............# #....(.........#
#...........#### #############


You could see a worm.

Vanquished Creatures
  A worm (D:2)
  A dart slug (D:1)
  2 leopard geckos (D:2)
  2 giant cockroaches
  A goblin (D:2)
  3 hobgoblins
  2 quokkas (D:2)
  A ball python (D:2)
  3 bats
  2 frilled lizards
  3 kobolds
  4 rats
25 creatures vanquished.

Notes
Turn   | Place    | Note
-------+----------+-------------------------------------------
     0 | D:1      | Descartes the Naga Warper began the quest for the Orb.
     0 | D:1      | Reached XP level 1. HP: 19/19 MP: 3/3
    23 | D:1      | Reached skill level 1 in Stealth
   393 | D:1      | Reached XP level 2. HP: 21/26 MP: 5/5
  1638 | D:2      | Reached XP level 3. HP: 32/32 MP: 6/6
  2265 | D:2      | HP: 1/32 [worm (8)]
  2268 | D:2      | Slain by a worm

Skill      XL: |  1  2 |
---------------+-------+-----
Stealth        | 2 3 |  3.6
Fighting       | |  2.0
Polearms       | |  2.5
Throwing       | |  0.8
Armour         | |  0.7
Dodging        | |  1.5
Spellcasting   | |  2.0
Translocations | |  3.0

Action                   || total
-------------------------++-------
Melee: Spear             ||    88
 Fire: Hunting sling     ||    32
 Abil: Spit Poison       ||     6
  Use: Scroll            ||     4
  Eat: Chunk             ||     3
Armor: Leather armour    ||    19
Dodge: Dodged            ||    47
Block: Buckler           ||     1
